 Dungeon Crawl Stone Soup version 0.20.0-15-g7f486f2 (webtiles) character file.

159651 winterking the Severer (level 16, -16/155 HPs)
             Began as a Minotaur Berserker on July 3, 2017.
             Was a High Priest of Trog.
             Killed from afar by an ice statue (21 damage)
             ... with a shard of ice
             ... on level 4 of the Shoals on July 4, 2017.
             The game lasted 03:07:18 (31143 turns).

winterking the Severer (Minotaur Berserker)        Turns: 31143, Time: 03:07:19

Health: -16/155    AC: 25    Str: 22    XL:     16   Next: 90%
Magic:  17/17      EV: 18    Int:  4    God:    Trog [*****.]
Gold:   2347       SH:  8    Dex: 22    Spells: 15/15 levels left

rFire    . . .     SeeInvis .   e - +2 broad axe (vamp)
rCold    . . .     Gourm    .   z - +0 buckler
rNeg     . . .     Faith    .   y - +2 plate armour {rPois}
rPois    +         Spirit   .   P - +1 hat
rElec    .         Reflect  +   o - scarf {cloud immunity}
rCorr    .         Harm     .   v - +0 pair of gloves
MR       +++..                  n - +1 pair of boots
Stlth    ..........             l - +2 amulet of reflection
Regen    1.4/turn               Q - +5 ring of dexterity
MPRegen  0.2/turn               u - ring of poison resistance

@: lethally poisoned (-16 -> -35), regenerating
A: retaliatory headbutt, horns 2
}: 1/15 runes: barnacled
a: Berserk, Trog's Hand, Brothers in Arms, Burn Spellbooks, Renounce Religion


You were on level 4 of the Shoals.
You worshipped Trog.
Trog was extremely pleased with you.
You were not hungry.

You visited 4 branches of the dungeon, and saw 27 of its levels.
You also visited: Labyrinth.

You collected 2800 gold pieces.
You spent 453 gold pieces at shops.

Inventory:

Hand Weapons
 e - a +2 vampiric broad axe (weapon)
Armour
 n - a +1 pair of boots (worn)
 o - a scarf of cloud immunity (worn)
 v - a +0 pair of gloves (worn)
 y - a +2 plate armour of poison resistance (worn)
 z - a +0 buckler (worn)
 P - a +1 hat (worn)
 W - +0 fire dragon scales
Jewellery
 l - a +2 amulet of reflection (around neck)
 m - an uncursed amulet of faith
 u - a ring of poison resistance (right hand)
 I - an uncursed ring of flight
 O - an uncursed ring of see invisible
 Q - a +5 ring of dexterity (left hand)
Wands
 b - a wand of paralysis (14/24)
 w - a wand of digging (16/24)
 B - a wand of digging (9/24)
 D - a wand of acid (7/15)
 U - a wand of polymorph (9/24)
 V - a wand of digging (7/24)
Scrolls
 a - a scroll of identify
 g - 19 scrolls of teleportation
 s - 7 scrolls of recharging
 x - 7 scrolls of remove curse
 A - 2 scrolls of magic mapping
 C - 5 scrolls of fear
 R - 3 scrolls of fog
Potions
 d - 6 potions of haste
 h - 7 potions of heal wounds
 i - 4 potions of degeneration {unknown}
 j - 11 potions of curing
 k - 6 potions of brilliance {unknown}
 p - a potion of berserk rage {unknown}
 r - a potion of might {unknown}
 t - 3 potions of invisibility {unknown}
 F - 2 potions of cancellation {unknown}
 G - 3 potions of magic {unknown}
 H - 2 potions of lignification {unknown}
 M - 2 potions of resistance
 N - 3 potions of mutation {unknown}
 Z - a potion of ambrosia {unknown}
Books
 J - a book of Necromancy

   Spells                             Type                      Level
   a - Pain                           Necromancy                   1
   b - Animate Skeleton               Necromancy                   1
   c - Vampiric Draining              Necromancy                   3
   d - Regeneration                   Charms/Necromancy            3
   e - Animate Dead                   Necromancy                   4
   f - Control Undead                 Necromancy                   4
   Trog disapproves of the use of such an item.
 K - a book of Necromancy

   Spells                             Type                      Level
   a - Pain                           Necromancy                   1
   b - Animate Skeleton               Necromancy                   1
   c - Vampiric Draining              Necromancy                   3
   d - Regeneration                   Charms/Necromancy            3
   e - Animate Dead                   Necromancy                   4
   f - Control Undead                 Necromancy                   4
   Trog disapproves of the use of such an item.
 L - a book of Flames

   Spells                             Type                      Level
   a - Flame Tongue                   Conjuration/Fire             1
   b - Throw Flame                    Conjuration/Fire             2
   c - Conjure Flame                  Conjuration/Fire             3
   d - Inner Flame                    Hexes/Fire                   3
   e - Sticky Flame                   Conjuration/Fire             4
   f - Fireball                       Conjuration/Fire             5
   Trog disapproves of the use of such an item.
 T - a book of Frost

   Spells                             Type                      Level
   a - Freeze                         Ice                          1
   b - Throw Frost                    Conjuration/Ice              2
   c - Ozocubu's Armour               Charms/Ice                   3
   d - Throw Icicle                   Conjuration/Ice              4
   e - Summon Ice Beast               Ice/Summoning                4
   Trog disapproves of the use of such an item.
 Y - a book of Conjurations

   Spells                             Type                      Level
   a - Magic Dart                     Conjuration                  1
   b - Searing Ray                    Conjuration                  2
   c - Dazzling Spray                 Conjuration/Hexes            3
   d - Fulminant Prism                Conjuration/Hexes            4
   e - Force Lance                    Conjuration/Translocation    4
   f - Iskenderun's Mystic Blast      Conjuration                  4
   Trog disapproves of the use of such an item.
Miscellaneous
 S - a sack of spiders
Comestibles
 c - 3 bread rations
 f - 9 meat rations
 q - 13 royal jellies
 E - 11 chunks of flesh
 X - 13 fruits


   Skills:
 + Level 17.5 Fighting
 - Level 18.4 Axes
 + Level 17.4 Armour
 - Level 15.6 Dodging
 - Level 4.0 Shields
 + Level 3.6 Evocations


You had 15 spell levels left.
You didn't know any spells.

Dungeon Overview and Level Annotations

Branches:
Dungeon (15/15)            Temple (0/1) D:4            Lair (6/6) D:11
 Shoals (4/4) Lair:2       Spider (0/4) Lair:4        Slime (0/5) Lair:6
    Orc (2/2) D:9             Elf (0/3) Orc:2        Vaults (0/5) D:14
 Depths (0/5) D:15

Altars:
Ashenzari
Cheibriados
Dithmenos
Fedhas
Hepliaklqana
Okawaru
Trog
Zin
Beogh
Jiyva

Shops:
D:4 *   D:5 =   D:7 }   D:9 %   Orc:1 *}(%=   Orc:2 [=*%(

Portals:
Ice
Cave: Shoals:4

Annotations:
D:11 exclusion: obsidian statue
Lair:3 exclusion: oklob plant
Shoals:1 1 transporter
Shoals:4 exclusion: 2 ice statues


Innate Abilities, Weirdness & Mutations

You reflexively headbutt those who attack you in melee.
You have a pair of horns on your head.


Message History

The bolt of cold misses you.
The merfolk aquamancer gestures wildly while chanting.
The merfolk aquamancer blinks!
* * * LOW HITPOINT WARNING * * *
You feel very sick. You block the water elemental's attack.
The merfolk hits you from afar with a trident.
* * * LOW HITPOINT WARNING * * *
A water elemental comes into view.
There is a frozen archway here.
* * * LOW HITPOINT WARNING * * *
You feel very sick. The water elemental barely misses you.
The sea snake closely misses you. You furiously retaliate!
You headbutt the sea snake!
The merfolk javelineer barely misses you.
The merfolk hits you but does no damage.
You block the sea snake's attack.
The ice statue gestures.
The ice statue gestures at you. The shard of ice hits you!
You die...

*≈≈≈≈≈≈≈≈≈≈≈≈≈≈≈≈≈≈≈≈≈≈≈≈≈≈≈≈≈≈
*≈≈≈≈≈≈≈≈≈≈≈≈≈≈≈≈≈≈≈≈≈≈≈≈≈≈≈≈≈≈
*≈≈≈≈≈≈≈≈≈≈≈≈≈≈≈≈≈≈≈≈≈≈≈≈≈≈≈≈≈≈
*≈≈≈≈≈≈≈≈≈≈≈≈≈≈≈≈≈≈≈≈≈≈≈≈≈≈≈≈≈,
*≈≈≈≈≈≈≈≈≈≈≈≈≈≈≈≈≈≈≈≈≈≈≈≈≈≈≈≈≈≈
*≈≈≈≈≈≈≈≈≈≈≈≈≈.≈≈≈≈≈≈≈≈≈≈≈≈≈≈≈≈
*≈≈≈≈≈≈≈≈≈≈≈%≈..≈≈≈≈≈≈≈≈≈≈≈≈≈≈≈
*≈≈≈≈≈≈≈≈≈≈≈Y=8.m..≈≈≈≈≈≈≈≈≈≈≈≈
*≈≈≈≈≈≈≈E≈≈≈≈≈@Sm...≈≈≈≈(≈≈≈≈≈≈
*≈≈≈≈≈≈≈≈(≈≈≈E8Sm...≈≈≈?≈≈≈≈≈≈≈
*≈≈≈≈≈≈≈≈≈≈≈[Emm.(...≈≈≈≈≈≈≈≈≈≈
*≈≈≈≈≈≈≈≈≈≈≈≈.......≈≈≈≈≈≈(≈≈≈≈
*≈≈≈≈≈≈≈≈≈≈≈........≈≈≈≈≈≈≈(≈≈≈
*≈≈≈≈≈≈≈≈≈$≈........≈≈≈≈≈≈≈≈≈≈≈
*≈≈≈≈≈≈≈≈≈≈≈≈......≈≈≈≈≈≈≈≈≈≈≈≈
*≈≈≈≈≈≈≈≈≈≈≈≈≈≈...≈≈≈≈≈≈≈≈≈≈≈≈(
*≈≈≈≈≈≈≈≈,,≈≈≈≈≈≈≈≈≈≈≈≈≈≈≈≈≈≈≈.


You could see a merfolk javelineer, 2 ice statues, 2 sea snakes, a merfolk
aquamancer, 3 merfolk, 3 water elementals and an ice beast.

Vanquished Creatures
  Rupert (Lair:6)
  A kraken (Shoals:3)
  A frost giant (Shoals:4)
  Ilsuiw (Shoals:3)
  A stone giant (Orc:1)
  Azrael (Orc:2)
  5 dire elephants (Lair:6)
  4 ettins
  A minotaur (Lab)
  2 merfolk javelineers (Shoals:4)
  7 merfolk impalers
  Josephine (D:13)
  A fire dragon (D:15)
  2 ogre magi
  5 hydras
  Fannar (Orc:1)
  An ice dragon (D:15)
  2 catoblepae
  Harold (D:12)
  3 alligator snapping turtles
  A merfolk avatar (Shoals:3)
  Erolcha (Orc:2)
  2 centaur warriors (Orc:2)
  An anaconda (Lair:6)
  3 satyrs
  8 two-headed ogres
  6 death yaks (Lair:4)
  Urug (D:13)
  Sonja (Lair:3)
  Nergalle (D:11)
  A fire crab (shapeshifter) (D:14)
  A deep troll (D:14)
  4 unseen horrors
  11 sea snakes
  A lindwurm (Lair:5)
  5 orc knights
  A wolf spider (Lair:3)
  11 harpies
  An orc sorcerer (Orc:2)
  A wolf spider zombie (D:15)
  7 manticores
  7 ugly things
  7 fauns
  15 cyclopes
  9 centaur zombies
  22 elephants
  5 merfolk sirens
  2 black mambas (Lair:6)
  7 water nymphs
  4 centaur skeletons
  14 spiny frogs
  The ghost of mythresam the Transmogrifier, a novice MfTm (D:5)
  8 komodo dragons
  4 wind drakes
  6 trolls
  A jumping spider (Lair:4)
  18 merfolk
  A polar bear (Lair:5)
  A queen bee (D:12)
  5 hornets
  7 blink frogs
  A harpy skeleton (D:15)
  3 slime creatures (D:12)
  9 hippogriffs
  8 dream sheep
  11 snapping turtles
  5 water elementals
  6 fire elementals (Orc:2)
  A centaur simulacrum (D:11)
  27 yaks
  A vampire (D:15)
  4 wraiths
  3 wyverns
  2 hungry ghosts
  6 basilisks
  3 steam dragons
  3 vampire mosquitoes (D:15)
  The ghost of mythresam the Changer, an amateur MfTm (D:3)
  9 wargs
  2 hell hounds (Orc:2)
  9 water moccasins
  9 porcupines
  3 black bears
  28 orc warriors
  4 sky beasts
  An eye of draining (D:12)
  4 ice beasts
  14 ogres
  3 phantoms
  6 wolves
  10 centaurs
  14 crocodiles
  2 big kobolds
  13 bullfrogs
  A wyvern zombie (D:6)
  5 scorpions
  A water moccasin skeleton (D:9)
  16 killer bees (D:12)
  3 howler monkeys (D:9)
  8 crimson imps
  A bullfrog zombie (D:11)
  7 jellies
  8 orc priests
  5 hounds
  A bullfrog skeleton (D:12)
  2 gnoll shamans (Orc:1)
  23 orc wizards
  7 iguanas
  6 worker ants
  2 worker ant zombies
  11 gnolls
  17 adders
  5 shadow imps
  An ooze (D:2)
  2 adder skeletons
  An adder zombie (D:9)
  A worm (D:4)
  A dart slug (D:3)
  6 leopard geckos
  72 orcs
  4 giant cockroaches
  8 goblins
  6 hobgoblins
  9 jackals
  5 quokkas
  3 ball pythons
  8 bats
  2 frilled lizards
  16 kobolds
  5 rats
  A butterfly (Lair:5)
  12 fungi
  17 plants
  A tentacle (Shoals:3)
790 creatures vanquished.

Vanquished Creatures (collateral kills)
  A merfolk javelineer (Shoals:4)
  A merfolk impaler (Shoals:2)
  A merfolk avatar (Shoals:3)
  A fire crab (Shoals:4)
  2 manticores
  2 fauns (Shoals:4)
  A water nymph (Shoals:2)
  2 merfolk sirens
  7 merfolk
  3 blink frogs (Lair:3)
  A plant (Lair:3)
22 creatures vanquished.

Vanquished Creatures (others)
  A merfolk javelineer (Shoals:4)
  A merfolk (Shoals:4)
  2 orc warriors (Orc:2)
  A centaur (D:13)
  3 orcs (Orc:2)
  18 fungi
  15 plants
  8 tentacles (Shoals:3)
49 creatures vanquished.

Grand Total: 861 creatures vanquished

Notes
Turn   | Place    | Note
-------+----------+-------------------------------------------
     0 | D:1      | winterking the Minotaur Berserker began the quest for the Orb.
     0 | D:1      | Reached XP level 1. HP: 19/19 MP: 0/0
    42 | D:1      | Reached skill level 4 in Axes
   130 | D:1      | Reached XP level 2. HP: 26/26 MP: 1/1
   652 | D:2      | Reached skill level 5 in Axes
   652 | D:2      | Reached XP level 3. HP: 9/31 MP: 2/2
  1205 | D:2      | Reached ** piety under Trog
  1505 | D:2      | Reached XP level 4. HP: 34/39 MP: 3/3
  1560 | D:2      | Reached skill level 6 in Axes
  1705 | D:3      | Noticed mythresam's ghost (amateur MfTm)
  1724 | D:3      | Killed mythresam's ghost
  1724 | D:3      | Reached skill level 7 in Axes
  1724 | D:3      | Reached XP level 5. HP: 45/45 MP: 4/4
  2021 | D:3      | Reached skill level 8 in Axes
  2386 | D:4      | Found Hinnaema's General Store.
  2543 | D:4      | Noticed an ogre
  2550 | D:4      | Killed an ogre
  2550 | D:4      | Reached XP level 6. HP: 51/51 MP: 5/5
  2790 | D:4      | Reached skill level 9 in Axes
  3121 | D:4      | Found a staircase to the Ecumenical Temple.
  3309 | D:5      | Entered Level 5 of the Dungeon
  3393 | D:5      | Reached *** piety under Trog
  3481 | D:5      | Noticed mythresam's ghost (novice MfTm)
  3508 | D:5      | Killed mythresam's ghost
  3508 | D:5      | Reached skill level 10 in Axes
  3508 | D:5      | Reached XP level 7. HP: 51/57 MP: 6/6
  3520 | D:5      | Found Kaheoll's Jewellery Shop.
  3574 | D:5      | Found an iron altar of Okawaru.
  4560 | D:6      | Reached skill level 11 in Axes
  4560 | D:6      | Reached XP level 8. HP: 35/66 MP: 7/7
  4804 | D:6      | Found a blossoming altar of Fedhas.
  5283 | D:7      | Found Mucve's Gadget Emporium.
  5289 | D:7      | Reached skill level 5 in Fighting
  5608 | D:7      | Noticed a hippogriff
  5623 | D:7      | Killed a hippogriff
  5788 | D:7      | Reached skill level 12 in Axes
  5788 | D:7      | Reached skill level 1 in Shields
  5954 | D:7      | Reached XP level 9. HP: 41/75 MP: 8/8
  6053 | D:7      | You fall through a shaft for 2 floors!
  6053 | D:9      | Found a glowing silver altar of Zin.
  6053 | D:9      | Found a hazy altar of Hepliaklqana.
  6147 | D:9      | Noticed a two-headed ogre
  6155 | D:9      | Killed a two-headed ogre
  6155 | D:9      | Reached skill level 5 in Armour
  6241 | D:9      | Found a shadowy altar of Dithmenos.
  6278 | D:9      | Found a staircase to the Orcish Mines.
  6319 | D:9      | Reached skill level 5 in Dodging
  6483 | D:9      | Noticed a red ugly thing
  6497 | D:9      | Killed a red ugly thing
  6497 | D:9      | Reached **** piety under Trog
  6839 | D:9      | Reached skill level 13 in Axes
  7201 | D:8      | Reached XP level 10. HP: 86/86 MP: 9/9
  7339 | D:7      | Found a bloodstained altar of Trog.
  8196 | D:8      | Found a snail-covered altar of Cheibriados.
  8339 | D:9      | Noticed a two-headed ogre
  8346 | D:9      | Killed a two-headed ogre
  8530 | D:9      | Found Qulan's Food Shoppe.
  8833 | D:10     | Entered Level 10 of the Dungeon
  9031 | D:10     | Reached skill level 14 in Axes
  9238 | D:10     | Reached ***** piety under Trog
  9425 | D:10     | Reached XP level 11. HP: 91/95 MP: 10/10
 10176 | D:11     | Received a gift from Trog
 10302 | D:11     | Noticed Nergalle
 10380 | D:11     | Killed Nergalle
 10380 | D:11     | Reached skill level 15 in Axes
 10614 | D:11     | Noticed an obsidian statue
 10648 | D:11     | Killed an unseen horror
 10732 | D:11     | Found a staircase to the Lair.
 10935 | Lair:1   | Entered Level 1 of the Lair of Beasts
 11028 | Lair:1   | Found a labyrinth entrance.
 11037 | Lab      | Entered a labyrinth
 13408 | Lab      | Noticed a minotaur
 13419 | Lab      | Killed a minotaur
 13419 | Lab      | Reached skill level 10 in Fighting
 13422 | Lab      | Got a bloodstained shield
 13607 | Lair:1   | Identified the cursed -8 shield of Gozag's Regard {Stlth+} (You took it off a minotaur in a labyrinth)
 14275 | Lair:2   | Found a staircase to the Shoals.
 14540 | Lair:2   | Reached XP level 12. HP: 67/107 MP: 11/11
 14939 | Lair:3   | Reached skill level 16 in Axes
 15124 | Lair:3   | Noticed Sonja
 15140 | Lair:3   | Killed Sonja
 15476 | Lair:3   | Reached skill level 10 in Armour
 15668 | Lair:3   | Got a fabulously ornate robe
 15669 | Lair:3   | Identified the +5 robe of Reqimuos {*Contam MP+9 Str+6} (You found it on level 3 of the Lair of Beasts)
 15671 | Lair:3   | Noticed a four-headed hydra
 15682 | Lair:3   | Killed a ten-headed hydra
 16297 | Lair:4   | Noticed a death yak
 16297 | Lair:4   | Noticed a death yak
 16301 | Lair:4   | Noticed a death yak
 16316 | Lair:4   | Killed a death yak
 16318 | Lair:4   | Noticed a death yak
 16318 | Lair:4   | Noticed a death yak
 16318 | Lair:4   | Noticed a death yak
 16331 | Lair:4   | Killed a death yak
 16338 | Lair:4   | Killed a death yak
 16345 | Lair:4   | Killed a death yak
 16356 | Lair:4   | Killed a death yak
 16373 | Lair:4   | Killed a death yak
 16373 | Lair:4   | Reached skill level 17 in Axes
 16527 | Lair:4   | Noticed a six-headed hydra
 16544 | Lair:4   | Killed a 16-headed hydra
 16544 | Lair:4   | Reached skill level 10 in Dodging
 16689 | Lair:4   | Found a hole to the Spider Nest.
 17240 | Lair:5   | Reached XP level 13. HP: 102/116 MP: 12/12
 18098 | Lair:6   | Entered Level 6 of the Lair of Beasts
 18106 | Lair:6   | Noticed Rupert
 18169 | Lair:6   | Killed Rupert
 18587 | Lair:6   | Found a staircase to the Slime Pits.
 18588 | Lair:6   | Found a viscous altar of Jiyva.
 19294 | Lair:6   | Received a gift from Trog
 19510 | Lair:6   | Reached XP level 14. HP: 85/129 MP: 13/13
 20087 | Lair:6   | Reached skill level 18 in Axes
 20660 | Orc:1    | Entered Level 1 of the Orcish Mines
 21579 | Orc:1    | Noticed Fannar
 21606 | Orc:1    | Killed Fannar
 21663 | Orc:1    | Found Liycs's Jewellery Emporium.
 21668 | Orc:1    | Bought a +2 amulet of reflection for 105 gold pieces
 21782 | Orc:1    | Found Fifogiar's Gadget Shop.
 21800 | Orc:1    | Found Lirphy's Antique Weapon Shoppe.
 21800 | Orc:1    | Found Ciuffusk's Food Boutique.
 21808 | Orc:1    | Bought a runed broad axe for 168 gold pieces
 22037 | Orc:1    | Found Pieprujo's General Store.
 22096 | Orc:1    | Bought a scroll of identify for 30 gold pieces
 22217 | Orc:1    | Noticed a stone giant
 22253 | Orc:1    | Killed a stone giant
 22350 | Orc:1    | Identified the +1 dagger of Annoyance {holy, +Rage} (You found it on level 1 of the Orcish Mines)
 22367 | Orc:1    | Identified the Almanac of Fetching Confrontation
 22455 | Orc:2    | Entered Level 2 of the Orcish Mines
 22455 | Orc:2    | Found Cyuseiti's Armour Shop.
 22455 | Orc:2    | Noticed Erolcha
 22464 | Orc:2    | Killed Erolcha
 22531 | Orc:2    | Found a roughly hewn altar of Beogh.
 22874 | Orc:2    | Noticed Azrael
 22898 | Orc:2    | Killed Azrael
 22973 | Orc:2    | Found a staircase to the Elven Halls.
 23106 | Orc:2    | Reached ****** piety under Trog
 23161 | Orc:2    | Found Xacuelauf's Assorted Antiques.
 23161 | Orc:2    | Found Zeufuj's Food Boutique.
 23163 | Orc:2    | Found Sorog's Weapon Shop.
 23165 | Orc:2    | Found Lusojyam's Jewellery Emporium.
 23172 | Orc:2    | Bought 3 scrolls of identify for 150 gold pieces
 23514 | Orc:2    | Reached XP level 15. HP: 139/139 MP: 14/14
 24221 | D:12     | Noticed Harold
 24239 | D:12     | Killed Harold
 24239 | D:12     | Received a gift from Trog
 25163 | D:13     | Noticed Urug
 25164 | D:13     | Noticed Josephine
 25175 | D:13     | Killed Urug
 25183 | D:13     | Killed Josephine
 25451 | D:14     | Reached skill level 15 in Fighting
 25475 | D:14     | Found a shattered altar of Ashenzari.
 26378 | D:14     | Reached skill level 15 in Armour
 26391 | D:14     | Found a gate to the Vaults.
 26485 | D:15     | Entered Level 15 of the Dungeon
 26523 | D:15     | Received a gift from Trog
 26965 | D:15     | Found a staircase to the Depths.
 27633 | Shoals:1 | Entered Level 1 of the Shoals
 27658 | Shoals:1 | You fall through a shaft!
 27963 | Shoals:2 | Reached XP level 16. HP: 105/151 MP: 15/15
 28018 | Shoals:2 | HP: 4/151 [drowned by a water nymph (8)]
 28019 | Shoals:2 | HP: 1/151 [merfolk/tomahawk of returning (3)]
 28034 | Shoals:1 | Found a transporter.
 28040 | Shoals:1 | Reached skill level 15 in Dodging
 28881 | Shoals:3 | Noticed Ilsuiw
 28898 | Shoals:3 | Received a gift from Trog
 29131 | Shoals:3 | Killed Ilsuiw
 29273 | Shoals:3 | Noticed a kraken
 29297 | Shoals:3 | Killed a kraken
 30456 | Shoals:4 | Entered Level 4 of the Shoals
 30474 | Shoals:4 | Reached skill level 1 in Evocations
 30828 | Shoals:4 | HP: 7/155 [merfolk impaler/trident of freezing (8)]
 30841 | Shoals:4 | HP: 11/232 [merfolk/trident (6)]
 30956 | Shoals:4 | Got a barnacled rune of Zot
 31134 | Shoals:4 | Found a frozen archway.
 31143 | Shoals:4 | HP: 5/155 [poisoned by a sea snake]
 31143 | Shoals:4 | Killed from afar by an ice statue

Skill      XL: |  1  2  3  4  5  6  7  8  9 10 11 12 13 14 15 16 |
---------------+-------------------------------------------------+-----
Axes           | 4 5 7 8 10 11 12 13 14 15 17 18 | 18.4
Fighting       | 4 5 7 8 10 11 13 14 16 17 | 17.5
Armour         | 3 4 6 8 9 11 12 14 15 17 | 17.4
Dodging        | 3 4 5 7 8 10 12 13 14 15 | 15.6
Shields        | 1 4 |  4.0
Evocations     | 3 |  3.6

Action                   |  1- 3 |  4- 6 |  7- 9 | 10-12 | 13-15 | 16-18 || total
-------------------------+-------+-------+-------+-------+-------+-------++-------
Melee: Hand axe          |    79 |   112 |   239 |   843 |   602 |       ||  1875
       Headbutt          |     8 |    23 |    65 |   245 |   492 |   182 ||  1015
       Broad axe         |       |       |       |       |   743 |   616 ||  1359
Invok: Berserk           |       |     3 |     9 |    13 |    26 |    10 ||    61
       Trog's Hand       |       |       |     1 |     2 |       |     8 ||    11
       Brothers in Arms  |       |       |       |     2 |       |     9 ||    11
  Use: Scroll            |     2 |     4 |     4 |    22 |    12 |     4 ||    48
       Potion            |       |       |       |     4 |       |     1 ||     5
 Stab: Distracted        |       |       |     1 |       |       |     1 ||     2
  Eat: Chunk             |     2 |     7 |    16 |    30 |    50 |    23 ||   128
       Meat ration       |       |       |     1 |     1 |     2 |       ||     4
       Fruit             |       |       |     1 |     7 |     1 |       ||     9
       Royal jelly       |       |       |       |     1 |     1 |       ||     2
       Bread ration      |       |       |       |     1 |       |     1 ||     2
Armor: Animal skin       |    15 |    20 |    15 |     3 |       |       ||    53
       Leather armour    |       |       |       |    27 |       |       ||    27
       Scale mail        |       |       |       |    76 |       |       ||    76
       Plate armour      |       |       |       |    65 |   380 |   281 ||   726
Dodge: Dodged            |    59 |    39 |    92 |   306 |   551 |   452 ||  1499
Block: Buckler           |       |       |     5 |   124 |   299 |   267 ||   695
       Reflection        |       |       |       |       |    40 |    32 ||    72
